Map: Incorporeal LE

Players

Snake

  • Race: Zerg Zerg
  • League: Grandmaster
  • Spawn Location: 11:00

Maplez - Winner!

  • Race: Terran Terran
  • League: Grandmaster
  • Spawn Location: 5:00

VOD

Have the link to the VOD?

Description

Time

  • Played on: July 31, 2025, 6:12 p.m.
  • Length: 8:29
Show
View Real Time Build Order
Export as new Build Order

Snake Zerg 

Build Orders: Hatch First 

Get SALT Encoding   

  12  0:01  Drone  
  13  0:13  Overlord  
  13  0:17  Drone  
  14  0:32  Drone x2  
  16  0:38  Drone  
  17  0:52  Hatchery  
  17  0:56  Drone  
  17  1:07  Spawning Pool  
  17  1:10  Drone  
  17  1:15  Drone, Extractor  
  17  1:18  Drone  
  18  1:29  Drone  
  19  1:40  Overlord  
  19  1:53  Drone  
  20  1:54  Queen  
  22  2:04  Queen  
  22  2:05  Zergling x4  
  26  2:13  Drone  
  26  2:14  Drone  
  28  2:16  Metabolic Boost  
  28  2:23  Zergling x2  
  28  2:31  Drone  
  29  2:37  Drone x2  
  29  2:44  Queen  
  31  2:46  Overlord  
  31  2:50  Drone  
  34  2:58  Drone x2  
  36  3:07  Overlord  
  36  3:09  Drone  
  37  3:13  Drone x3  
  39  3:23  Overlord x2  
  39  3:26  Overlord  
  39  3:27  Drone x2  
  39  3:34  Drone  
  42  3:36  Lair  
  42  3:40  Roach Warren  
  41  3:44  Drone x4  
  45  3:49  Drone x2  
  45  3:50  Extractor  
  45  3:55  Zergling x4  
  48  3:56  Drone  
  49  4:03  Drone x2  
  49  4:04  Extractor x2  
  49  4:09  Drone  
  50  4:13  Drone  
  51  4:19  Drone x3  
  51  4:20  Drone  
  55  4:27  Roach x2  
  55  4:29  Drone  
  55  4:30  Hatchery  
  59  4:36  Glial Reconstitution  
  59  4:37  Roach x2  
  59  4:38  Roach  
  65  4:46  Roach  
  65  4:50  Overlord x3  
  65  4:52  Drone  
  68  4:58  Overlord  
  68  5:08  Overlord  
  68  5:10  Roach x3  
  68  5:12  Spore Crawler  
  75  5:14  Spore Crawler, Roach  
  75  5:17  Drone  
  75  5:19  Roach x2  
  79  5:24  Roach  
  81  5:29  Roach  
  81  5:31  Roach x2  
  81  5:34  Roach  
  89  5:39  Roach x2  
  89  5:40  Burrow  
  93  5:48  Roach x2  
  97  5:50  Roach  
  97  5:55  Tunneling Claws  
  97  5:56  Queen  
  101  5:59  Drone  
  103  6:04  Roach x3  
  103  6:13  Queen  
  103  6:16  Roach  
  103  6:24  Roach x2  
  99  6:25  Spore Crawler  
  99  6:27  Roach x2  
  99  6:31  Roach x2  
  99  6:32  Zergling x2  
  86  6:47  Spire  
  86  6:48  Spore Crawler  
  86  6:50  Spore Crawler  
  86  6:51  Roach x3  
  89  6:55  Drone x3  
  86  7:01  Roach x2  
  86  7:04  Roach  
  88  7:13  Spore Crawler, Roach  
  86  7:20  Roach  
  86  7:21  Roach  
  84  7:25  Roach  
  84  7:28  Roach  
  86  7:32  Roach  
  86  7:35  Spore Crawler  
  77  7:38  Roach  
  77  7:44  Roach x5  
  70  7:55  Drone x3  
  70  7:56  Extractor  
  52  8:12  Spore Crawler  
  47  8:13  Spore Crawler  
Show
View Real Time Build Order
Export as new Build Order

Maplez Terran - Winner!

Build Orders: Reaper Expand 

Get SALT Encoding   

  12  0:00  SCV  
  13  0:12  SCV  
  14  0:16  Supply Depot  
  14  0:24  SCV  
  15  0:38  SCV  
  15  0:39  Barracks  
  16  0:43  Refinery  
  16  0:50  SCV  
  17  1:02  SCV  
  18  1:14  SCV  
  19  1:27  Reaper, Orbital Command  
  20  1:39  Command Center  
  20  1:51  Supply Depot  
  20  1:53  SCV  
  21  2:05  Barracks Tech Lab  
  21  2:06  SCV, Barracks Reactor  
  22  2:15  Refinery  
  22  2:18  SCV  
  23  2:24  Factory  
  23  2:30  SCV  
  24  2:42  SCV  
  24  2:43  Marine x2  
  27  2:52  Orbital Command  
  27  2:54  SCV  
  28  3:00  Marine  
  28  3:01  Marine  
  30  3:06  SCV  
  30  3:10  Starport  
  31  3:14  Hellion  
  31  3:17  SCV  
  31  3:18  SCV  
  36  3:27  Refinery  
  36  3:29  SCV  
  36  3:30  SCV  
  36  3:31  Bunker  
  38  3:40  Factory Tech Lab  
  36  3:41  SCV  
  36  3:42  SCV  
  38  3:51  Refinery, Fusion Core  
  38  3:54  SCV x2  
  40  3:57  Starport  
  40  4:06  SCV  
  40  4:07  SCV  
  40  4:08  Supply Depot  
  42  4:17  Engineering Bay  
  42  4:18  SCV  
  42  4:19  SCV  
  42  4:23  Factory Tech Lab  
  42  4:30  SCV  
  42  4:31  SCV  
  44  4:39  Supply Depot  
  44  4:42  Supply Depot  
  46  4:47  Battlecruiser  
  50  4:56  SCV  
  51  5:01  Battlecruiser  
  51  5:04  SCV  
  51  5:06  Weapon Refit  
  58  5:08  SCV  
  58  5:14  Supply Depot x2  
  59  5:15  Supply Depot  
  59  5:16  SCV  
  59  5:19  Engineering Bay  
  59  5:20  SCV  
  61  5:29  Supply Depot  
  61  5:35  SCV x2  
  63  5:45  Command Center  
  63  5:47  Missile Turret, SCV x2  
  63  5:48  Missile Turret  
  65  5:52  Battlecruiser  
  71  5:59  SCV x2  
  71  6:00  Missile Turret  
  73  6:06  Marine x2  
  72  6:13  SCV  
  64  6:32  Marine x2, Battlecruiser  
  62  6:40  SCV x2  
  64  7:06  Battlecruiser  
  68  7:10  SCV  
  68  7:13  SCV  
  57  7:48  Marine  
  57  7:50  Marine  
Tags
 
Add a new tag
Caveats
  • Supply blocks, unpowered buildings, or Contaminate may cause inaccurate times.
  • Supply counts are checked every 10 seconds.